 Dungeon Crawl Stone Soup version 0.32-a0-876-gcfddb08e57 (webtiles) character file.

Game seed: 8065293803804397187

70590 croobank the Black Sun (level 14, -11/77 HPs)
             Began as a Felid Summoner on Mar 30, 2024.
             Was a High Priest of Kikubaaqudgha.
             Killed from afar by Azrael (29 damage)
             ... with damnation
             ... on level 12 of the Dungeon on Mar 31, 2024.
             The game lasted 03:48:55 (25910 turns).

croobank the Black Sun (Felid Summoner)            Turns: 25910, Time: 03:48:56

Health: -11/77     AC:  3    Str:  4    XL:     14   Next: 94%
Magic:  28/29      EV: 23    Int: 24    God:    Kikubaaqudgha [*****.]
Gold:   1099       SH:  0    Dex: 17    Spells: 18/33 levels left
                                        Lives:  0   Deaths: 5

rFire   + + .        (weapon unavailable)
rCold   + . .        (shield unavailable)
rNeg    . . .        (body armour unavailable)
rPois   .            (helmet unavailable)
rElec   .            (cloak unavailable)
rCorr   .            (gloves unavailable)
SInv    +            (boots unavailable)
Will    ++...        h - amulet of the acrobat
Stlth   +++++        d - ring of protection from fire
HPRegen 0.32/turn    C - ring of protection from fire
MPRegen 0.21/turn

%: acrobat
@: no status effects
A: very small, claws 1, fangs 3, see invisible, shaggy fur 3, stealthy paws, no
weapons or thrown items, no armour, multi-lived
a: Renounce Religion, Unearth Wretches, Torment


You were on level 12 of the Dungeon.
You worshipped Kikubaaqudgha.
Kikubaaqudgha was extremely pleased with you.
You visited 3 branches of the dungeon, and saw 18 of its levels.
You also visited: Ice Cave.

You collected 1099 gold pieces.

Inventory:

Jewellery
 d - a ring of protection from fire (left paw)
 h - an amulet of the acrobat (around neck)
 o - a ring of protection from cold
 C - a ring of protection from fire (right paw)
Talismans
 s - a beast talisman
Wands
 a - a wand of mindburst (8)
 g - a wand of charming (21)
 q - a wand of polymorph (9)
 r - a wand of acid (11)
 v - a wand of flame (29)
 w - a wand of iceblast (13)
Scrolls
 l - a scroll of immolation
 t - 2 scrolls of noise
 x - 4 scrolls of poison
 y - 8 scrolls of identify
 z - a scroll of teleportation
 A - 2 scrolls of revelation
 B - 2 scrolls of vulnerability
 E - a scroll of acquirement
Potions
 b - a potion of attraction
 c - a potion of mutation
 e - 4 potions of enlightenment
 f - a potion of brilliance
 i - a potion of berserk rage
 j - a potion of cancellation
 k - 9 potions of curing
 m - a potion of ambrosia
 n - 7 potions of might
 p - 2 potions of lignification
 u - 6 potions of haste


   Skills:
 - Level 10.0 Fighting
 - Level 10.0 Dodging
 - Level 10.5 Stealth
 - Level 10.0 Spellcasting
 + Level 11.1 Summonings
 + Level 15.1 Necromancy
 - Level 5.0 Fire Magic
 - Level 7.0 Air Magic


You had 18 spell levels left.
You knew the following spells:

 Your Spells              Type           Power      Damage    Failure   Level
a - Summon Small Mammal   Summ           100%       N/A       1%          1
b - Call Imp              Summ           100%       N/A       1%          2
c - Call Canine Familiar  Summ           60%        N/A       1%          3
d - Summon Blazeheart Go  Fire/Summ      50%        N/A       1%          4
e - Summon Lightning Spi  Summ/Air       53%        N/A       1%          4
f - Apportation           Tloc           24%        N/A       5%          1

Your spell library contained the following spells:

 Spells                   Type           Power      Damage    Failure   Level
 Necrotise                Necr           100%       1d9       0%          1
 Kiss of Death            Conj/Necr      100%       2d13      1%          1
 Cigotuvi's Dreadful Rot  Necr/Alch/Air  94%        N/A       1%          2
 Mercury Vapours          Alch/Air       56%        N/A       1%          2
 Fugue of the Fallen      Necr           71%        N/A       1%          3
 Vampiric Draining        Necr           71%        2d11      1%          3
 Dispel Undead            Necr           71%        3d24      1%          4
 Martyr's Knell           Necr/Summ      66%        N/A       1%          4
 Curse of Agony           Necr           71%        N/A       1%          5
 Sting                    Conj/Alch      48%        1d6       5%          1
 Volatile Blastmotes      Fire/Tloc      48%        2d14      5%          3
 Borgnjor's Vile Clutch   Necr/Erth      24%        N/A       6%          5
 Vhi's Electric Charge    Tloc/Air       56%        N/A       12%         4
 Frozen Ramparts          Ice            24%        1d4       16%         3
 Ozocubu's Armour         Ice            12%        N/A       16%         3
 Passwall                 Erth           12%        N/A       16%         3
 Sigil of Binding         Hex            12%        N/A       16%         3
 Stone Arrow              Conj/Erth      24%        3d8       16%         3
 Leda's Liquefaction      Alch/Erth      6%         N/A       45%         4
 Olgreb's Toxic Radiance  Alch           12%        N/A       45%         4
 Lee's Rapid Deconstruct  Erth           6%         3d6*      82%         5
 Metabolic Englaciation   Hex/Ice        6%         N/A       82%         5
 Bombard                  Conj/Erth      6%         9d2       100%        6
 Permafrost Eruption      Ice/Erth       6%         2x4d2     100%        6
 Lehudib's Crystal Spear  Conj/Erth      6%         10d3      100%        8
 Animate Armour           Summ/Erth      Unusable   N/A       N/A         4
 Dimensional Bullseye     Hex/Tloc       Unusable   N/A       N/A         4

Dungeon Overview and Level Annotations

Branches:
Dungeon (12/15)            Temple (1/1) D:7            Lair (5/5) D:8
 Shoals (0/4) Lair:2       Spider (0/4) Lair:3        Slime (0/5) Lair:5
    Orc (0/2) D:11          IceCv (visited)

Altars:
Ashenzari
Cheibriados
Dithmenos
Elyvilon
Fedhas
Gozag
Hepliaklqana
Kikubaaqudgha
Makhleb
Nemelex Xobeh
Okawaru
Qazlal
Ru
Sif Muna
Trog
Uskayaw
Vehumet
Wu Jian
Xom
Yredelemnul
Zin
The Shining One
Jiyva
Lugonu

Portals:
Abyss: Lair:5

Annotations:
D:9 2 runed translucent doors, exclusion: orange crystal statue
D:11 exclusion: orange crystal statue
D:12 exclusion: hell hound, Azrael


Innate Abilities, Weirdness & Mutations

You have sharp claws.
You have razor-sharp teeth.
You have supernaturally acute eyesight. (SInv)
Your thick and shaggy fur keeps you warm. (AC +3, rC+)
Your paws help you pounce on unaware monsters.
You are incapable of wielding weapons or throwing items.
You cannot wear armour.
You gain extra lives every three experience levels.


Message History

Kikubaaqudgha says: Spread unending torment and darkness!
Press ? for a list of commands and other information.
Aiming: Charm
Press: ? - help, Shift-Dir - straight line, f - hell hound
Aim: a hell hound (moderately wounded, chance to affect: 49%)
The hell hound is charmed.
Azrael completely misses you. Azrael gestures at you.
The bolt of fire misses you.
Attack: -) Teeth and claws
Press: ? - help, Dir - move target, f - Azrael, p - hell hound
Aim: Azrael, wielding a +3 scimitar of flaming (lightly wounded, covered in acid, about 17% to evade your paws)
Okay, then.
Aiming: Iceblast
Press: ? - help, Shift-Dir - straight line, p - hell hound The mass of ice explodes!
The iceblast engulfs Azrael!
Azrael is frozen!
Azrael is moderately wounded.
Your hell hound barely misses Azrael.
The fire elemental closely misses your hell hound.
Azrael hits you with a +3 scimitar of flaming.
* * * LOW HITPOINT WARNING * * *
Aiming: Iceblast
Press: ? - help, Shift-Dir - straight line The mass of ice explodes!
The iceblast engulfs Azrael!!
Azrael is frozen!
Azrael is severely wounded.
Your hell hound bites Azrael.
The fire elemental barely misses your hell hound.
Azrael closely misses your hell hound.
Your hell hound bites Azrael.
The fire elemental hits your hell hound.
Aiming: Iceblast
Press: ? - help, Shift-Dir - straight line
Okay, then.
Aiming: Iceblast
Press: ? - help, Shift-Dir - straight line The mass of ice explodes!
The iceblast engulfs Azrael!
Azrael is frozen!
Azrael is almost dead.
Your hell hound bites Azrael.
Azrael gestures at you.
The sphere of damnation explodes!
The damnation engulfs you!!
You die...
Kikubaaqudgha rasps: You have failed me!
Welcome... death!

.##.. ## ... .R...###.
... #h..#.# #[###.#
#..# #[....# #..#
##'## #.#####..#
##...## #........#
##.....##
######...####°.R....##
#####....○##..Eh@....#
...........'.........+
#####.....##.........#
#....####.......##
#.#### ##.....## #.#
##...## #.# ##'## #.#
#.# ##.## #.#


You could see Azrael (corroded, ally target), a fire elemental and a friendly
hell hound (charmed).

Vanquished Creatures
  An entropy weaver (shapeshifter) (Lair:5)
  Fannar (D:11)
  4 hydras
  2 catoblepae
  2 boulder beetles
  2 two-headed ogres
  9 death yaks
  A thrashing horror (Lair:5)
  A swamp dragon (shapeshifter) (D:11)
  A deep elf pyromancer (D:8)
  2 cyclopes (D:12)
  A manticore (D:11)
  An ugly thing (Lair:5)
  A meliai (D:12)
  A slime creature (D:7)
  2 elephants (Lair:5)
  10 black mambas
  An eye of devastation (Lair:5)
  An orange demon (D:9)
  5 cane toads
  An unseen horror (D:10)
  8 komodo dragons
  An ice devil (IceCv)
  A queen bee (shapeshifter) (Lair:5)
  A hornet (D:11)
  A tarantella (Lair:3)
  2 trolls
  A glass eye (Lair:5)
  A raiju (Lair:5)
  9 blink frogs (Lair:5)
  A shadow (D:12)
  6 basilisks
  A steam dragon (D:8)
  5 wyverns
  36 yaks
  2 chaos spawn (Lair:5)
  A death yak simulacrum (IceCv)
  A vampire mosquito (D:12)
  An acid dragon (D:11)
  4 water moccasins
  A hell hound (D:12)
  6 orc warriors
  A black bear (D:8)
  A sky beast (D:8)
  13 wolves
  4 centaurs (D:12)
  2 kobold brigands
  5 bullfrogs
  2 scorpions
  5 small abominations (Lair:5)
  8 wights
  An elephant simulacrum (IceCv)
  3 killer bees
  2 howler monkeys
  An electric eel (Lair:1)
  An iguana (D:6)
  4 orc wizards
  A spriggan simulacrum (IceCv)
  3 adders
  2 dart slugs
  5 orcs
  4 endoplasms
  2 goblins
  4 hobgoblins
  A quokka (D:2)
  5 ball pythons
  5 bats
  2 frilled lizards
  5 kobolds
  4 rats
236 creatures vanquished.

Vanquished Creatures (collateral kills)
  Erolcha (D:12)
  A catoblepas (Lair:1)
  2 hydras
  A centaur warrior (D:8)
  5 death yaks
  3 thrashing horrors (Lair:5)
  Amaemon (D:9)
  A skyshark (Lair:4)
  A fire crab (Lair:2)
  A pharaoh ant (Lair:3)
  A lindwurm (Lair:2)
  A deep elf pyromancer (D:12)
  2 meliai (D:12)
  2 elephants (Lair:5)
  2 black mambas
  A smoke demon (Lair:5)
  4 cane toads
  Maggie (D:9)
  3 rime drakes
  A komodo dragon (Lair:5)
  A raiju (Lair:5)
  A glass eye (shapeshifter) (Lair:5)
  3 slime creatures
  A shadow (D:11)
  32 blink frogs
  A spriggan (Lair:2)
  A wraith (D:10)
  10 yaks
  3 wyverns
  4 basilisks
  4 steam dragons
  A vampire mosquito (D:12)
  A redback (Lair:3)
  A chaos spawn (Lair:5)
  A hell hound (D:12)
  13 water moccasins
  2 black bears
  An orc warrior (D:8)
  2 sky beasts (D:8)
  2 ogres
  4 wolves
  4 centaurs
  A kobold brigand (D:9)
  4 bullfrogs
  3 small abominations (Lair:5)
  2 scorpions
  A two-headed ogre simulacrum (IceCv)
  A gnoll sergeant (D:8)
  8 wights
  5 killer bees
  4 howler monkeys
  8 orc priests
  A gnoll bouda (D:8)
  A sleepcap (D:7)
  4 iguanas
  9 orc wizards
  A troll simulacrum (IceCv)
  A wolf simulacrum (IceCv)
  Robin (D:2)
  6 adders
  2 white imps
  An ufetubus (IceCv)
  A ribbon worm (D:4)
  3 dart slugs
  38 orcs
  5 bats
  6 endoplasms
  2 giant cockroaches
  15 goblins
  3 hobgoblins
  10 jackals
  10 kobolds
  3 quokkas
  6 ball pythons
  2 frilled lizards (D:3)
  4 rats
300 creatures vanquished.

Vanquished Creatures (others)
  6 elephants (Lair:5)
  A hell hound (D:12)
  146 blazeheart cores
153 creatures vanquished.

Grand Total: 689 creatures vanquished

Notes
Turn   | Place    | Note
-------+----------+-------------------------------------------
     0 | D:1      | croobank the Felid Summoner began the quest for the Orb.
     0 | D:1      | Reached XP level 1. HP: 9/9 MP: 4/4
   228 | D:1      | Reached XP level 2. HP: 13/13 MP: 6/6
   236 | D:1      | Learned a level 2 spell: Call Imp
   886 | D:1      | Found a faded altar of an unknown god.
   924 | D:1      | Reached XP level 3. HP: 16/16 MP: 7/7
   928 | D:1      | Learned a level 3 spell: Call Canine Familiar
  1267 | D:2      | Noticed Robin
  1278 | D:2      | Killed Robin
  1573 | D:2      | Reached XP level 4. HP: 19/21 MP: 8/8
  1573 | D:2      | Gained a life (2 lives remaining)
  1959 | D:2      | Reached skill level 1 in Fighting
  2437 | D:3      | You fall into a shaft and drop 3 floors!
  2490 | D:6      | Reached XP level 5. HP: 10/25 MP: 3/10
  2503 | D:6      | Killed from afar by a white imp
  2503 | D:6      | Lost a life (1 life remaining)
  2540 | D:5      | Entered Level 5 of the Dungeon
  2566 | D:5      | Noticed an ogre
  2582 | D:5      | Killed an ogre
  2770 | D:5      | Gained mutation: You are covered in thick fur. (AC +2)
                  | [Felid growth]
  2770 | D:5      | Reached XP level 6. HP: 6/30 MP: 4/11
  2886 | D:5      | Learned a level 4 spell: Summon Blazeheart Golem
  3092 | D:5      | Noticed a yak
  3092 | D:5      | Noticed a yak
  3098 | D:5      | Noticed a nameless horror
  3098 | D:5      | Noticed a yak
  3156 | D:5      | Reached skill level 5 in Stealth
  3156 | D:5      | Reached skill level 5 in Summonings
  3177 | D:5      | Killed a yak
  3178 | D:5      | Reached skill level 5 in Dodging
  3178 | D:5      | Reached skill level 1 in Fire Magic
  3178 | D:5      | Reached XP level 7. HP: 17/35 MP: 9/13
  3178 | D:5      | Gained a life (2 lives remaining)
  3185 | D:5      | Killed a yak
  3185 | D:5      | Killed by an exploding yak... ignited by their inner flame
  3185 | D:5      | Lost a life (1 life remaining)
  3185 | D:5      | Killed a yak
  3186 | D:5      | Noticed a yak
  3194 | D:5      | Killed a yak
  3246 | D:5      | Reached XP level 8. HP: 40/40 MP: 7/14
  3251 | D:5      | Learned a level 4 spell: Summon Lightning Spire
  3787 | D:4      | Found an ancient bone altar of Kikubaaqudgha.
  3794 | D:4      | Found a hide-covered altar of Uskayaw.
  3795 | D:4      | Found a sacrificial altar of Ru.
  6652 | D:7      | Reached skill level 1 in Air Magic
  6696 | D:7      | Noticed a slime creature
  6698 | D:7      | Noticed a slime creature
  6698 | D:7      | Noticed a slime creature
  6758 | D:7      | Killed a slime creature
  6759 | D:7      | Reached XP level 9. HP: 36/46 MP: 1/16
  7055 | D:7      | Found a sparkling altar of Nemelex Xobeh.
  7077 | D:7      | Found a shimmering blue altar of Sif Muna.
  7330 | D:7      | Killed a large slime creature
  7331 | D:7      | Reached skill level 5 in Fire Magic
  7552 | D:7      | Found a staircase to the Ecumenical Temple.
  7563 | Temple   | Entered the Ecumenical Temple
  7644 | D:4      | Became a worshipper of Kikubaaqudgha
  7738 | D:8      | Reached skill level 5 in Spellcasting
  7962 | D:8      | Reached skill level 5 in Fighting
  8075 | D:8      | Found a staircase to the Lair.
  8096 | D:8      | Reached XP level 10. HP: 10/51 MP: 6/19
  8096 | D:8      | Gained a life (2 lives remaining)
  8564 | D:8      | Reached * piety under Kikubaaqudgha
  8564 | D:8      | Received a gift from Kikubaaqudgha
  8689 | D:8      | Identified the +1 robe of Farfalle {Regen+ Str+4 Dex-5}
  9002 | D:8      | Noticed a five-headed hydra
  9013 | D:8      | Killed a five-headed hydra
  9014 | D:8      | Reached skill level 5 in Air Magic
  9113 | D:8      | Noticed a centaur warrior
  9120 | D:8      | Shot with an arrow by a centaur warrior
  9120 | D:8      | Lost a life (1 life remaining)
  9181 | D:8      | Shot with an arrow by a centaur warrior
  9181 | D:8      | Lost a life (0 lives remaining)
  9222 | D:8      | Killed a centaur warrior
  9339 | D:8      | Noticed a boulder beetle
  9359 | D:8      | Noticed a deep elf pyromancer
  9369 | D:8      | Killed a deep elf pyromancer
  9913 | D:8      | Reached XP level 11. HP: 20/57 MP: 2/21
 10144 | D:9      | Reached skill level 1 in Necromancy
 10156 | D:9      | Reached ** piety under Kikubaaqudgha
 10439 | D:9      | Found a runed translucent door.
 10450 | D:9      | Found the +10 tower shield of Ignorance {rN+ Int-4}
 10460 | D:9      | Noticed Amaemon
 10476 | D:9      | Reached skill level 10 in Stealth
 10480 | D:9      | Killed Amaemon
 10491 | D:9      | Noticed Maggie
 10509 | D:9      | Killed Maggie
 10510 | D:9      | Reached skill level 2 in Necromancy
 10626 | D:9      | Found a runed translucent door.
 10628 | D:9      | Noticed an orange crystal statue
 11618 | D:10     | Entered Level 10 of the Dungeon
 11890 | D:10     | Noticed a two-headed ogre
 11899 | D:10     | Killed a two-headed ogre
 12321 | D:10     | Reached skill level 3 in Necromancy
 12424 | D:10     | Reached skill level 10 in Dodging
 13014 | D:11     | Noticed Fannar
 13039 | D:11     | Killed Fannar
 13251 | D:11     | Found a frozen archway.
 13260 | IceCv    | Entered an ice cave
 13709 | D:11     | Found a staircase to the Orcish Mines.
 13727 | D:11     | Noticed an orange crystal statue
 13792 | D:11     | Noticed a swamp dragon
 13804 | D:11     | Reached *** piety under Kikubaaqudgha
 13804 | D:11     | Received a gift from Kikubaaqudgha
 13810 | D:11     | Killed a swamp dragon
 13974 | D:11     | Reached skill level 4 in Necromancy
 13974 | D:11     | Gained mutation: Your thick and shaggy fur keeps you warm.
                  | (AC +3, rC+) [Felid growth]
 13974 | D:11     | Reached XP level 12. HP: 32/63 MP: 12/23
 14102 | D:11     | Noticed a boulder beetle
 14133 | D:11     | Killed a boulder beetle
 14603 | D:12     | Noticed a two-headed ogre
 14631 | D:12     | Killed a two-headed ogre
 15468 | D:12     | Reached skill level 5 in Necromancy
 15639 | D:12     | Noticed Azrael
 15745 | Lair:1   | Entered Level 1 of the Lair of Beasts
 16018 | Lair:1   | Noticed a catoblepas
 16029 | Lair:1   | Found a hide-covered altar of Uskayaw.
 16048 | Lair:1   | Noticed a seven-headed hydra
 16052 | Lair:1   | HP: 1/65 [electric eel/bolt of electricity (7)]
 16058 | Lair:1   | Killed a seven-headed hydra
 16706 | D:11     | Learned a level 1 spell: Apportation
 16953 | Lair:1   | Reached skill level 6 in Necromancy
 17360 | Lair:1   | Killed a catoblepas
 17361 | Lair:1   | Reached skill level 10 in Summonings
 17813 | Lair:2   | Reached **** piety under Kikubaaqudgha
 17891 | Lair:2   | Noticed a four-headed hydra
 17897 | Lair:2   | Killed a four-headed hydra
 17958 | Lair:2   | Noticed an eight-headed hydra
 17968 | Lair:2   | Killed an eight-headed hydra
 17969 | Lair:2   | Reached XP level 13. HP: 70/70 MP: 19/26
 17969 | Lair:2   | Gained a life (1 life remaining)
 18022 | Lair:2   | Reached skill level 7 in Necromancy
 18383 | Lair:2   | Upgraded the game from 0.32-a0-872-g59262bdc9b to
                  | 0.32-a0-876-gcfddb08e57
 18587 | Lair:2   | Found a staircase to the Shoals.
 19194 | Lair:3   | Reached skill level 10 in Fighting
 19489 | Lair:3   | Reached skill level 8 in Necromancy
 19817 | Lair:3   | Found a hole to the Spider Nest.
 20408 | Lair:4   | Reached skill level 10 in Spellcasting
 20743 | Lair:4   | Reached skill level 9 in Necromancy
 21021 | Lair:4   | Reached skill level 10 in Necromancy
 21547 | Lair:5   | Entered Level 5 of the Lair of Beasts
 21677 | Lair:5   | Reached skill level 11 in Necromancy
 21874 | Lair:5   | Slain by a cane toad
 21874 | Lair:5   | Lost a life (0 lives remaining)
 21913 | Lair:5   | Reached ***** piety under Kikubaaqudgha
 21914 | Lair:5   | Reached XP level 14. HP: 32/77 MP: 12/29
 21970 | Lair:5   | Reached skill level 12 in Necromancy
 22716 | Lair:5   | Reached skill level 13 in Necromancy
 23086 | Lair:5   | Found a staircase to the Slime Pits.
 23091 | Lair:5   | Found a viscous altar of Jiyva.
 23154 | Lair:5   | Reached skill level 14 in Necromancy
 24796 | Lair:5   | Found a one-way gate to the infinite horrors of the Abyss.
 24796 | Lair:5   | Found a corrupted altar of Lugonu.
 25177 | Lair:5   | Reached skill level 15 in Necromancy
 25430 | Lair:5   | Identified a scroll of acquirement
 25827 | D:12     | Noticed Erolcha
 25832 | D:12     | Killed Erolcha
 25910 | D:12     | Killed from afar by Azrael

Illustrated notes

Levels and vault maps discovered:
D:1:      dpeg_arrival_subterranean_lakeside_camping, layout_basic,
          hellmonk_ecumenical_altar_crossroads
D:2:      layout_basic, uniq_robin
D:3:      layout_basic
D:4:      layout_basic, nicolae_overflow_hidden_temple,
          overflow_temple_1_default, nicolae_titane
D:5:      layout_loops_ring, minmay_misc_feat_chi, nicolae_elevator_lobby_plus
D:6:      layout_layer_cave
D:7:      layout_rooms, grunt_temple_overflow_open, minmay_temple_entry_poolview
D:8:      minmay_quarter_circles, layout_loops_ring, erik_lair_orcish_takeover,
          chequers_serial_rivers_large_b, grunt_ministairs_1, st_stairs_9
D:9:      layout_grid_maze, chequers_guarded_unrand_ignorance, uniq_maggie,
          uniq_amaemon
D:10:     layout_layer_cave
D:11:     layout_roguey, orc_0_dummy, portal_ice_cave_entry_pillars_2,
          minmay_protected_statue, uniq_fannar
D:12:     layout_loops_corners, uniq_erolcha, uniq_azrael
Temple:   minmay_temple_bridge_d
Lair:1:   layout_gridlike, basic_altar, grunt_megastairs_4
Lair:2:   layout_long_grid, shoals_dummy_entry, nicolae_volcano_entry_vermiform,
          grunt_forest_large_clearing_hut
Lair:3:   layout_chaotic_city, nicolae_spider_entry_lesser_pyramids,
          serial_bayou_shore_b, grunt_megastairs_2
Lair:4:   layout_cave_pods
Lair:5:   hellmonk_lair_end_abyssal_woods, layout_gridlike,
          minmay_slime_entry_eyes, lemuel_another_geyser, grunt_megastairs_5

Skill      XL: |  1  2  3  4  5  6  7  8  9 10 11 12 13 14 |
---------------+-------------------------------------------+-----
Stealth        | 3 4 5 6 7 8 9 10 | 10.5
Dodging        | 3 4 5 6 7 9 10 | 10.0
Fighting       | 1 2 3 4 5 6 7 9 10 | 10.0
Spellcasting   | 3 4 5 6 7 8 10 | 10.0
Summonings     | 5 6 7 8 10 11 | 11.1
Fire Magic     | 1 2 4 5 |  5.0
Air Magic      | 2 4 6 7 |  7.0
Necromancy     | 4 6 11 15 | 15.1

Action                     |  1- 3 |  4- 6 |  7- 9 | 10-12 | 13-15 || total
---------------------------+-------+-------+-------+-------+-------++-------
  Melee: Unarmed           |    31 |    25 |    84 |    71 |    90 ||   301
         Bite              |     4 |     4 |    14 |     6 |    21 ||    49
         Punch             |       |       |     2 |     2 |       ||     4
   Cast: Summon Small Mamm |    34 |    23 |    38 |     4 |    20 ||   119
         Call Imp          |    14 |    14 |    19 |     5 |    13 ||    65
         Call Canine Famil |     2 |    10 |    21 |    10 |    13 ||    56
         Summon Blazeheart |       |       |    15 |    92 |   100 ||   207
         Summon Lightning  |       |       |     7 |    50 |    55 ||   112
         Apportation       |       |       |       |    10 |       ||    10
  Evoke: Wand              |       |       |     1 |     6 |     8 ||    15
    Use: Scroll            |       |     5 |    14 |    11 |     7 ||    37
         Potion            |       |     5 |     3 |     6 |     2 ||    16
   Stab: Sleeping          |     8 |     3 |     7 |     1 |     7 ||    26
         Distracted        |       |       |     1 |     3 |     1 ||     5
         Betrayed ally     |       |       |       |     1 |       ||     1
         Petrifying        |       |       |       |     1 |       ||     1
 Armour: Skin              |    11 |    23 |    37 |    74 |   120 ||   265
  Dodge: Dodged            |    50 |    44 |   141 |   219 |   311 ||   765

Table legend: (Time is in decaauts)
 A = Elapsed time spent in this place.
 B = Non-inter-level travel time spent in this place.
 C = Inter-level travel time spent in this place.
 D = Time resting spent in this place.
 E = Time spent auto-exploring this place.
 F = Levels seen in this place.
 G = Mean time per level.
                   A        B        C        D        E       F      G
               +--------+--------+--------+--------+--------+-----+--------+
         Total |  25977 |  24550 |   1427 |   5261 |  14370 |  19 | 1367.2 |
       Dungeon |  16220 |  15040 |   1180 |   2077 |   9983 |  12 | 1351.7 |
        Temple |      1 |      0 |      1 |      0 |      0 |   1 |    1.0 |
          Lair |   9345 |   9099 |    246 |   2908 |   4317 |   5 | 1869.0 |
      Ice Cave |    410 |    410 |      0 |    276 |     70 |   1 |  410.0 |
               +--------+--------+--------+--------+--------+-----+--------+

Top non-repeatable levels by time:
  Lair:5: 3543 daAuts
     D:8: 2648 daAuts
  Lair:4: 1612 daAuts
     D:9: 1609 daAuts
  Lair:1: 1521 daAuts
  Lair:2: 1505 daAuts
    D:10: 1466 daAuts
     D:6: 1332 daAuts
    D:11: 1317 daAuts
    D:12: 1302 daAuts
     D:5: 1251 daAuts
     D:3: 1251 daAuts
     D:1: 1180 daAuts
  Lair:3: 1161 daAuts
     D:2: 1103 daAuts
